[Event "Titled Tuesday Blitz December 7 2021"]
[White "Kretchetov, Alexandre"]
[Black "Peng, Li Min"]
[WhiteFideId "4124588"]
[BlackFideId "14112620"]
[WhiteElo "2492"]
[BlackElo "2412"]
[Result "1-0"]
[Round "10"]
[TimeControl "180+1"]
[Date "2021.12.07"]
[WhiteClock "0:00:22"]
[BlackClock "0:00:04"]

1. d4 Nf6 2. c4 g6 3. Nc3 Bg7 4. e4 O-O 5. h3 d6 6. Bg5 c5 7. d5 e6 8. Bd3 exd5 9. exd5 h6 10. Be3 Bd7 11. Nf3 Na6 12. O-O Nc7 13. a4 Na6 14. Nb5 Bxb5 15. axb5 Nb4 16. Bb1 Nh5 17. Qd2 Qf6 18. Bxh6 Bxh6 19. Qxh6 Qxb2 20. Bxg6 fxg6 21. Qxg6+ Ng7 22. Ng5 Qc2 23. Qh6 Rf4 24. Rae1 Qf5 25. Re7 Qf6 26. Qh7+ Kf8 27. Rxg7 Qxg7 28. Ne6+ 1-0


[Site "https://www.chess.com"]

[Event "Titled Tuesday Blitz December 7 2021"]
[White "Krivonosov, Oleg"]
[Black "Gontcharov, Vladislav"]
[WhiteFideId "11600349"]
[BlackFideId "4123492"]
[WhiteElo "2469"]
[BlackElo "2503"]
[Result "1-0"]
[Round "10"]
[TimeControl "180+1"]
[Date "2021.12.07"]
[WhiteClock "0:00:41"]
[BlackClock "0:00:11"]

1. Nf3 Nf6 2. c4 g6 3. Nc3 Bg7 4. e4 d6 5. d4 O-O 6. Be2 Bg4 7. Be3 Nfd7 8. Ng1 Bxe2 9. Ngxe2 c5 10. Qd2 cxd4 11. Nxd4 Nc6 12. f3 Qa5 13. Rc1 Rfc8 14. Nxc6 bxc6 15. b3 Nc5 16. O-O Ne6 17. Rfd1 Qe5 18. Ne2 g5 19. Nd4 Nxd4 20. Bxd4 Qxd4+ 21. Qxd4 Bxd4+ 22. Rxd4 c5 23. Rd5 f6 24. h4 h6 25. Kf2 a5 26. a4 Rab8 27. Rc3 Kf7 28. h5 Rb6 29. g3 Rcb8 30. Rdd3 Ke6 31. Ke3 f5 32. f4 gxf4+ 33. gxf4 Rg8 34. Kf3 Rg1 35. exf5+ Kxf5 36. Rd5+ Kf6 37. Re3 Rh1 38. Kg4 Rb8 39. Rf5+ Kg7 40. Rxe7+ Kh8 41. Rff7 Rg8+ 42. Kf3 Rb8 43. Rh7+ Kg8 44. f5 Rxb3+ 45. Ke4 Re1+ 46. Kd5 Rxe7 47. Rxe7 Kf8 48. Ra7 Re3 49. Kxd6 Re4 50. Kd5 Rh4 51. Ke6 Rxc4 52. Ra8+ Kg7 53. f6+ Kh7 54. f7 1-0


[Site "https://www.chess.com"]

[Event "Titled Tuesday Blitz December 7 2021"]
[White "Lagunow, Raphael"]
[Black "Volkov, Maksim"]
[WhiteFideId "24652644"]
[BlackFideId "54123070"]
[WhiteElo "2400"]
[BlackElo "2081"]
[Result "0-1"]
[Round "10"]
[TimeControl "180+1"]
[Date "2021.12.07"]
[WhiteClock "0:01:20"]
[BlackClock "0:01:44"]

1. e4 e6 2. b3 d5 3. Bb2 Nf6 4. e5 Nfd7 5. f4 c5 6. Qg4 Nc6 7. Nf3 a5 8. Na3 a4 9. Nb5 axb3 10. cxb3 Nb4 11. Kf2 d4 12. a3 Nd5 13. Bd3 Qb6 14. b4 cxb4 15. Bxd4 Nc5 16. Kg3 h5 17. Qg5 bxa3 18. Rhb1 Qc6 19. Nd6+ Bxd6 20. Bb5 Ne4+ 21. Kh4 Qxb5 22. Qxg7 Be7+ 23. Kh3 Nxf4# 0-1


[Site "https://www.chess.com"]

[Event "Titled Tuesday Blitz December 7 2021"]
[White "Leitao, Rafael"]
[Black "Krutko, Anatoly"]
[WhiteFideId "2101246"]
[BlackFideId "4185862"]
[WhiteElo "2609"]
[BlackElo "2378"]
[Result "1-0"]
[Round "10"]
[TimeControl "180+1"]
[Date "2021.12.07"]
[WhiteClock "0:00:57"]
[BlackClock "0:00:07"]

1. c4 g6 2. g3 Bg7 3. Bg2 d6 4. Nc3 Nf6 5. Nf3 O-O 6. d4 Nbd7 7. O-O e5 8. e4 exd4 9. Nxd4 Re8 10. h3 Rb8 11. Re1 a6 12. a4 a5 13. Ndb5 Nc5 14. Bf4 Nfd7 15. Nd5 c6 16. Nxd6 Re6 17. Nc3 Ne5 18. Nxc8 Qxc8 19. Qe2 Ned3 20. Bxb8 Nxe1 21. Ba7 Ned3 22. Rd1 Qa8 23. Bb6 Qa6 24. Bxc5 Nxc5 25. Rd8+ Bf8 26. Qd2 Qb6 27. Rc8 Re7 28. Qd6 Kg7 29. Nd5 1-0


[Site "https://www.chess.com"]

[Event "Titled Tuesday Blitz December 7 2021"]
[White "Makhmudov, Shukhrat"]
[Black "Vovk, Orest"]
[WhiteFideId "14200775"]
[BlackFideId "14113490"]
[WhiteElo "2135"]
[BlackElo "2203"]
[Result "0-1"]
[Round "10"]
[TimeControl "180+1"]
[Date "2021.12.07"]
[WhiteClock "0:00:02"]
[BlackClock "0:00:47"]

1. e4 Nc6 2. Nf3 d5 3. exd5 Qxd5 4. c4 Qa5 5. Nc3 Bg4 6. Be2 O-O-O 7. O-O e6 8. h3 Bxf3 9. Bxf3 Nd4 10. d3 Nf6 11. a3 Qf5 12. Be4 Nxe4 13. dxe4 Qg6 14. Be3 Bc5 15. b4 Nc6 16. Qe2 Bxe3 17. Qxe3 Nd4 18. Rac1 Qh6 19. f4 Rd7 20. Nd5 exd5 21. Qxd4 dxe4 22. Qxe4 Rhd8 23. Qf5 Qg6 24. Qxg6 hxg6 25. Rc3 Rd4 26. f5 g5 27. f6 g6 28. c5 Re8 29. Rg3 Re5 30. Rg4 Rxg4 31. hxg4 Re4 32. b5 Kd7 33. Rd1+ Ke6 34. Rd8 Re5 35. c6 bxc6 36. bxc6 Rc5 37. Rd3 Kxf6 38. Kf2 Rxc6 39. Ke3 Rc4 40. Kf3 a5 41. Rd5 a4 42. Ra5 Rc3+ 43. Kf2 Rxa3 44. Rc5 Rb3 45. Rxc7 a3 46. Ra7 Ke6 47. Ra5 f5 48. g3 Rb2+ 49. Kf3 a2 50. gxf5+ gxf5 0-1


[Site "https://www.chess.com"]

[Event "Titled Tuesday Blitz December 7 2021"]
[White "Maksimovic, Bojan"]
[Black "Todorovic, Bojan"]
[WhiteFideId "14408120"]
[BlackFideId "917087"]
[WhiteElo "2458"]
[BlackElo "2266"]
[Result "1-0"]
[Round "10"]
[TimeControl "180+1"]
[Date "2021.12.07"]
[WhiteClock "0:00:32"]
[BlackClock "0:00:01"]

1. e4 g6 2. d4 Bg7 3. Nc3 d6 4. h4 Nf6 5. h5 Nxh5 6. Rxh5 gxh5 7. Qxh5 Nc6 8. Bc4 e6 9. d5 Ne5 10. dxe6 O-O 11. exf7+ Kh8 12. Be2 c6 13. Nf3 Nxf3+ 14. Bxf3 Be6 15. Bg5 Qd7 16. O-O-O Qxf7 17. Qh4 Be5 18. Rh1 Bf4+ 19. Kb1 Bxg5 20. Qxg5 Qg7 21. Qd2 Rad8 22. Qe3 b5 23. Ne2 Qe5 24. Rh5 Qf6 25. Qxa7 Bf7 26. Rf5 Qg7 27. Nf4 Ra8 28. Qe3 Bxa2+ 29. Kc1 Bc4 30. Nh5 Qe7 31. Qd4+ Kg8 32. Nf6+ Rxf6 33. Rxf6 Rd8 34. b3 Bf7 35. Rf4 Bg6 36. Qf6 Qe5 37. Qxe5 dxe5 38. Rf6 Rc8 39. Bg4 Rc7 40. Re6 Bxe4 41. f3 Bd5 42. Rxe5 b4 43. Be6+ Bxe6 44. Rxe6 Kf7 45. Re4 c5 46. Kd2 Kf6 47. Ke3 Rg7 48. g4 Rd7 49. f4 Rd1 50. Rc4 1-0


[Site "https://www.chess.com"]

[Event "Titled Tuesday Blitz December 7 2021"]
[White "Maly, Alexey"]
[Black "Matinian, Nikita"]
[WhiteFideId "14103184"]
[BlackFideId "24129100"]
[WhiteElo "2294"]
[BlackElo "2422"]
[Result "1-0"]
[Round "10"]
[TimeControl "180+1"]
[Date "2021.12.07"]
[WhiteClock "0:01:14"]
[BlackClock "0:00:26"]

1. d4 Nf6 2. c4 e6 3. Nf3 Bb4+ 4. Nbd2 b6 5. g3 Bb7 6. Bg2 O-O 7. O-O a5 8. b3 Bc3 9. Rb1 Na6 10. Bb2 Bxb2 11. Rxb2 d6 12. a3 c5 13. e3 Qe7 14. Qe2 Rfd8 15. Rc1 Rac8 16. Rbc2 Ne4 17. Nh4 Nxd2 18. Qxd2 Bxg2 19. Nxg2 d5 20. cxd5 Rxd5 21. Nf4 Rdd8 22. Qe2 Qb7 23. dxc5 Nxc5 24. b4 Ne4 25. Rxc8 Rxc8 26. Rxc8+ Qxc8 27. bxa5 bxa5 28. Qd3 Ng5 29. e4 e5 30. Nd5 Qe6 31. h4 Nh3+ 32. Kg2 g5 33. h5 Kg7 34. Ne3 g4 35. Nf5+ Kf8 36. Qd8+ Qe8 37. Qd6+ Kg8 38. Qf6 Qe6 39. Qg7# 1-0


[Site "https://www.chess.com"]

[Event "Titled Tuesday Blitz December 7 2021"]
[White "Marcziter, Dmitrii"]
[Black "Bentivegna, Francesco"]
[WhiteFideId "13900765"]
[BlackFideId "809055"]
[WhiteElo "2155"]
[BlackElo "2254"]
[Result "1/2-1/2"]
[Round "10"]
[TimeControl "180+1"]
[Date "2021.12.07"]
[WhiteClock "0:00:45"]
[BlackClock "0:00:11"]

1. d4 d5 2. c4 e5 3. dxe5 d4 4. Nf3 Nc6 5. g3 Nge7 6. Bg2 Ng6 7. a3 a5 8. O-O Ngxe5 9. Nbd2 Nxf3+ 10. Nxf3 Bc5 11. b3 O-O 12. Bb2 Re8 13. Re1 Bg4 14. Qd2 Qe7 15. h3 Bh5 16. Nxd4 Nxd4 17. Bxd4 Bxa3 18. Bc3 Bb4 19. Bxb4 Qxb4 20. Qxb4 axb4 21. Bxb7 Rxa1 22. Rxa1 Bxe2 23. Re1 Kf8 24. Bc6 Re7 25. Ra1 g6 26. Ra8+ Kg7 27. Rb8 Bd3 28. Rxb4 Re1+ 29. Kg2 Bf1+ 30. Kf3 Bxh3 31. Rb7 Re7 32. b4 h5 33. b5 Kf6 34. c5 Bg4+ 35. Kg2 g5 36. b6 cxb6 37. cxb6 Rxb7 38. Bxb7 Ke7 39. Bd5 Kd6 40. b7 Kc7 41. Bxf7 Kxb7 42. f3 Bf5 43. Bxh5 Kc7 44. Kf2 Kd6 45. Ke3 Ke5 46. Be8 Be6 47. Bc6 Bf7 48. Be4 Be6 49. Kd3 Bf7 50. Ke3 Be6 51. Bb1 Bf7 52. Bc2 Be6 53. f4+ gxf4+ 54. gxf4+ Kf6 55. Ke4 Bf5+ 56. Ke3 Bxc2 57. Kf3 Kf5 58. Ke3 Be4 59. Kd4 Kxf4 1/2-1/2


[Site "https://www.chess.com"]

[Event "Titled Tuesday Blitz December 7 2021"]
[White "Martin Carmona, Gaston Manuel"]
[Black "Goryachkina, Aleksandra"]
[WhiteFideId "22284567"]
[BlackFideId "4147103"]
[WhiteElo "2161"]
[BlackElo "2441"]
[Result "1-0"]
[Round "10"]
[TimeControl "180+1"]
[Date "2021.12.07"]
[WhiteClock "0:00:15"]
[BlackClock "0:00:04"]

1. c4 Nf6 2. Nf3 e6 3. g3 b6 4. Bg2 Bb7 5. Nc3 Be7 6. O-O O-O 7. d4 Ne4 8. Bd2 d5 9. cxd5 exd5 10. Bf4 Nd7 11. Rc1 c5 12. dxc5 Nxc3 13. Rxc3 bxc5 14. Qb3 Nb6 15. Ne5 Rc8 16. Rd1 Bf6 17. Rcc1 Qe7 18. Ng4 Bd4 19. Qc2 f5 20. Ne3 Bxe3 21. Bxe3 d4 22. Bf4 Bxg2 23. Kxg2 g5 24. Bd2 f4 25. Ba5 Nd5 26. Qc4 Qf7 27. Rf1 f3+ 28. Kg1 fxe2 29. Qxe2 h6 30. Bd2 Rfe8 31. Qd3 Nb6 32. b4 c4 33. Qxd4 Rcd8 34. Qb2 Re2 35. Rc2 Rd3 36. Bc3 Rxc2 37. Qxc2 Qf3 38. Be1 Qd5 39. Qe2 Kf7 40. Qh5+ Kg7 41. Qe8 Qd7 42. Qe5+ Kf7 43. Bc3 Qd5 44. Qf6+ Ke8 45. Qh8+ Kd7 46. Bf6 Kc7 47. Qxh6 Kb7 48. Qxg5 Qxg5 49. Bxg5 c3 50. h4 Nd5 51. h5 Nxb4 52. h6 Rd7 53. Bf6 Nxa2 54. Bg7 c2 55. h7 Rd8 56. h8=Q Rxh8 57. Bxh8 c1=Q 58. Rxc1 Nxc1 59. g4 a5 60. g5 Kc6 61. g6 Ne2+ 62. Kf1 Nf4 63. g7 1-0


[Site "https://www.chess.com"]

[Event "Titled Tuesday Blitz December 7 2021"]
[White "Martin, Lewis"]
[Black "Yurovskykh, Oleksandr"]
[WhiteFideId "410551"]
[BlackFideId "14134020"]
[WhiteElo "2145"]
[BlackElo "2292"]
[Result "1/2-1/2"]
[Round "10"]
[TimeControl "180+1"]
[Date "2021.12.07"]
[WhiteClock "0:00:07"]
[BlackClock "0:00:07"]

1. e4 d5 2. exd5 Qxd5 3. Nc3 Qd8 4. Bc4 c5 5. d3 Nc6 6. Nge2 Nf6 7. Bg5 e6 8. Qd2 Be7 9. O-O O-O 10. Rad1 h6 11. Bh4 Nd4 12. Bg3 b6 13. Nxd4 cxd4 14. Ne4 Bb7 15. f3 Nd5 16. Bf2 e5 17. c3 dxc3 18. bxc3 Rc8 19. Bb3 Kh8 20. d4 f5 21. dxe5 fxe4 22. Bxd5 Bxd5 23. Qxd5 Qxd5 24. Rxd5 exf3 25. Bd4 fxg2 26. Rxf8+ Bxf8 27. Rd7 Bc5 28. Rxa7 Kg8 29. Kxg2 Rd8 30. Bxc5 bxc5 31. Rc7 Rd5 32. e6 Re5 33. Kf3 Rxe6 34. Rxc5 Ra6 35. h4 Rxa2 36. h5 Kf7 37. Kg4 Rh2 38. Kf4 Rh4+ 39. Ke3 Ke6 40. Kd3 Kd6 41. Rf5 Rg4 42. Rf7 Rg5 43. c4 Ke6 44. Rb7 Kf6 45. Rb6+ Ke7 46. Rb5 Rg4 47. Rd5 Ke6 48. Kc3 Rg1 49. Kb4 Rb1+ 50. Kc5 Rc1 51. Rd6+ Ke7 52. Rg6 Kf7 53. Rd6 Rh1 54. Rd5 Ke6 55. Kc6 Ra1 56. Rb5 Rh1 57. Kb7 Rh4 58. Rb6+ Ke7 59. Rg6 Kf7 60. Rc6 Rxh5 61. c5 Rh1 62. Rc7+ Kf6 63. c6 Rb1+ 64. Ka8 Rc1 65. Kb8 h5 66. Rc8 Rb1+ 67. Ka8 Kg5 68. c7 Rc1 69. Kb8 Kg4 70. Rg8 g5 71. c8=Q+ Rxc8+ 72. Kxc8 h4 73. Kd7 h3 74. Ke6 h2 75. Rh8 Kg3 76. Kf5 g4 77. Kg5 Kg2 78. Kxg4 h1=Q 79. Rxh1 Kxh1 1/2-1/2


[Site "https://www.chess.com"]

[Event "Titled Tuesday Blitz December 7 2021"]
[White "Martins, Carlos"]
[Black "Bilan, Danila"]
[WhiteFideId "2101688"]
[BlackFideId "24161918"]
[WhiteElo "2183"]
[BlackElo "2164"]
[Result "1/2-1/2"]
[Round "10"]
[TimeControl "180+1"]
[Date "2021.12.07"]
[WhiteClock "0:00:26"]
[BlackClock "0:00:11"]

1. e4 c6 2. d4 d5 3. Nd2 dxe4 4. Nxe4 Bf5 5. Ng3 Bg6 6. Bc4 e6 7. N1e2 Nf6 8. O-O Bd6 9. f4 O-O 10. f5 exf5 11. Nxf5 Qc7 12. Nxd6 Qxd6 13. Ng3 Nbd7 14. c3 Nd5 15. Nf5 Qe6 16. Bd3 N7f6 17. Qf3 Rae8 18. Bd2 Ne4 19. Bxe4 Qxe4 20. Qxe4 Rxe4 21. Ng3 Re6 22. Rfe1 Rfe8 23. Rxe6 Rxe6 24. Kf2 Nf6 25. Re1 Ng4+ 26. Kg1 Rxe1+ 27. Bxe1 Bb1 28. a3 b5 29. Bd2 f5 30. h3 Nf6 31. Bg5 Nd5 32. Kf2 Kf7 33. Ne2 h6 34. Bc1 g5 35. Ng1 Kg6 36. Nf3 Be4 37. Ne5+ Kf6 38. Nxc6 Nxc3 39. Nxa7 Na2 40. Bd2 Bd3 41. Nc6 Ke6 42. Ke3 Bf1 43. Kf2 Bd3 44. Nb4 Nxb4 45. Bxb4 Kd5 46. Bc3 Be4 47. g3 h5 48. h4 gxh4 49. gxh4 f4 50. Bd2 Kxd4 51. Bxf4 Kc4 52. Be5 Bf5 53. Ke3 Kb3 54. Bc3 Kc4 55. Kf4 Bg4 56. Ke5 Kb3 57. Kd5 Be2 58. Kc5 Ka4 59. Bf6 Kb3 60. Kd4 Ka4 61. Kc3 Ka5 62. Bd8+ Ka6 63. Kb4 Bg4 64. a4 Be2 65. axb5+ Bxb5 66. Kc5 Be2 67. b4 Kb7 68. b5 Bg4 69. Bg5 Bd1 70. Bf4 Bg4 71. Bg5 Bd1 72. Bf4 Bg4 73. Bg5 1/2-1/2


[Site "https://www.chess.com"]

[Event "Titled Tuesday Blitz December 7 2021"]
[White "Materia, Marco"]
[Black "Shkapenko, Pavel"]
[WhiteFideId "45150451"]
[BlackFideId "4151933"]
[WhiteElo "2619"]
[BlackElo "2386"]
[Result "1/2-1/2"]
[Round "10"]
[TimeControl "180+1"]
[Date "2021.12.07"]
[WhiteClock "0:00:13"]
[BlackClock "0:00:04"]

1. d4 Nf6 2. c4 e6 3. Nf3 Bb4+ 4. Nbd2 d5 5. Qa4+ Nc6 6. a3 Be7 7. e3 a5 8. Bd3 O-O 9. O-O Bd7 10. Qc2 a4 11. e4 g6 12. e5 Nh5 13. Rd1 Na5 14. cxd5 exd5 15. Nf1 Nb3 16. Rb1 c5 17. dxc5 Nxc5 18. Bh6 Re8 19. Ne3 Nxd3 20. Qxd3 Be6 21. Rbc1 Ra5 22. Nd4 Bg5 23. Bxg5 Qxg5 24. Nxe6 fxe6 25. Qc3 Rb5 26. Qc7 Rxb2 27. Qd7 Qe7 28. Qxa4 Rf8 29. Rc2 b5 30. Qd4 Rxc2 31. Nxc2 Nf4 32. Qe3 Qg5 33. Ne1 Qg4 34. Rb1 d4 35. Qd2 Ne2+ 36. Kf1 Nc3 37. Rb4 Qh5 38. Rxd4 Nd5 39. Nf3 Rxf3 40. gxf3 Qxf3 41. Qd3 Qh1+ 42. Ke2 Qxh2 43. Rxd5 exd5 44. Qxd5+ Kg7 45. Qd7+ Kh6 46. Qxb5 Qh5+ 47. f3 Qh2+ 48. Ke3 Qg1+ 49. Ke4 Qe1+ 50. Kd5 Qd1+ 51. Ke6 Qxf3 52. a4 g5 53. a5 g4 54. a6 g3 55. a7 g2 56. Qc5 Kg6 57. Kd7 Qf5+ 58. Kc7 Qf7+ 59. Kb6 Qe6+ 60. Kb7 Qd7+ 61. Kb6 Qe6+ 62. Kb7 Qd7+ 63. Kb6 Qe6+ 1/2-1/2


[Site "https://www.chess.com"]

[Event "Titled Tuesday Blitz December 7 2021"]
[White "Mikhailovsky, Vladimir"]
[Black "Wadsworth, Matthew J"]
[WhiteFideId "34105414"]
[BlackFideId "415804"]
[WhiteElo "2409"]
[BlackElo "2293"]
[Result "1-0"]
[Round "10"]
[TimeControl "180+1"]
[Date "2021.12.07"]
[WhiteClock "0:00:06"]
[BlackClock "0:00:03"]

1. e4 c5 2. Nf3 e6 3. g3 Nc6 4. Bg2 Nf6 5. Qe2 d5 6. exd5 Nxd5 7. O-O Be7 8. Rd1 Bf6 9. Nc3 O-O 10. Ne4 Bd7 11. Nxc5 Nd4 12. Nxd4 Bxd4 13. Nxd7 Qxd7 14. c3 Bf6 15. d4 Rac8 16. h4 Rfd8 17. Kh2 b5 18. Qf3 h6 19. Bf4 a5 20. Rac1 a4 21. a3 Qe7 22. Be5 Bxe5 23. dxe5 Nb6 24. Rxd8+ Qxd8 25. Rd1 Qc7 26. Rd6 Nc4 27. Rc6 Qd7 28. Rxc8+ Qxc8 29. Bf1 Nxe5 30. Qe4 Nc4 31. Bxc4 Qxc4 32. Qa8+ Kh7 33. Qf3 Kg8 34. Qa8+ Kh7 35. Qf3 f5 36. Qe3 Qb3 37. Qe2 Qd5 38. Qe3 Qb3 39. Qe2 g5 40. hxg5 hxg5 41. Qh5+ Kg7 42. Qxg5+ Kf7 43. Qd2 Kf6 44. Kg2 Kf7 45. Qd7+ Kf6 46. Qd8+ Kf7 47. Qd7+ Kf6 48. Qd2 Kf7 49. Qd4 Qxb2 50. Qd7+ Kf6 51. Qe8 Qxa3 52. Qh8+ Ke7 53. Qg7+ Kd6 54. Qf8+ Kd5 55. Qxa3 1-0


[Site "https://www.chess.com"]

[Event "Titled Tuesday Blitz December 7 2021"]
[White "Mirzoev, Azer"]
[Black "Vantika, Agrawal"]
[WhiteFideId "13400304"]
[BlackFideId "25050389"]
[WhiteElo "2525"]
[BlackElo "1917"]
[Result "1-0"]
[Round "10"]
[TimeControl "180+1"]
[Date "2021.12.07"]
[WhiteClock "0:00:31"]
[BlackClock "0:00:02"]

1. d4 Nf6 2. Nf3 d5 3. Bf4 c5 4. e3 Nc6 5. c3 Nh5 6. Be5 f6 7. Bg3 g6 8. Nbd2 cxd4 9. cxd4 Qb6 10. Qb3 Qxb3 11. Nxb3 Nxg3 12. hxg3 e5 13. dxe5 fxe5 14. Bb5 Bg7 15. Rc1 Kd7 16. O-O Kd6 17. Rfd1 Ne7 18. Ng5 Rf8 19. Ne4+ Ke6 20. Nbc5+ Kf7 21. Nd6+ Kg8 22. Nxc8 Rfxc8 23. Nxb7 Rab8 24. Ba6 e4 25. b4 Bb2 26. Rxc8+ Rxc8 27. Nc5 Rc7 28. Nb3 Ba3 29. b5 Rc2 30. Bb7 Rxa2 31. Bxd5+ Nxd5 32. Rxd5 Rb2 33. Nd4 Rb1+ 34. Kh2 Rb2 35. Rd8+ Kg7 36. Rd7+ Kf6 37. Rxa7 Bc5 38. Rxh7 Bxd4 39. exd4 Rxb5 40. Rh4 Rb2 41. Rxe4 Rxf2 42. Rf4+ Rxf4 43. gxf4 Kf5 44. Kg3 Ke4 45. Kg4 Kxd4 46. Kg5 Ke4 47. g4 Kf3 48. f5 gxf5 49. gxf5 Ke4 50. f6 1-0


[Site "https://www.chess.com"]

[Event "Titled Tuesday Blitz December 7 2021"]
[White "Miszler, Levente"]
[Black "Nazaretyan, Tigran"]
[WhiteFideId "763276"]
[BlackFideId "24162345"]
[WhiteElo "1966"]
[BlackElo "2192"]
[Result "0-1"]
[Round "10"]
[TimeControl "180+1"]
[Date "2021.12.07"]
[WhiteClock "0:00:21"]
[BlackClock "0:00:19"]

1. Nf3 Nf6 2. c4 b6 3. g3 Bb7 4. Bg2 g6 5. O-O Bg7 6. Nc3 c5 7. d4 cxd4 8. Qxd4 Nc6 9. Qh4 h6 10. Nd4 g5 11. Nxc6 dxc6 12. Qh3 O-O 13. Bf3 Qc7 14. Ne4 Nd7 15. Rd1 f5 16. Bxg5 hxg5 17. Nxg5 Nf6 18. Ne6 Qe5 19. Nxf8 Rxf8 20. Qg2 Ne4 21. Rab1 Ba6 22. Rd7 Bxc4 23. Rxa7 Nd2 24. Rd1 Nxf3+ 25. Qxf3 Bd5 26. Qe3 Qxe3 27. fxe3 Bxb2 28. Rb1 Bf6 29. Rxb6 Rd8 30. a4 Be4 31. a5 Rd1+ 32. Kf2 Rh1 33. h4 Rh2+ 34. Ke1 Bc3+ 35. Kf1 Rh1+ 36. Kf2 Be1# 0-1


[Site "https://www.chess.com"]

[Event "Titled Tuesday Blitz December 7 2021"]
[White "Myshakov, Fyodor"]
[Black "Pakleza, Zbigniew"]
[WhiteFideId "14111284"]
[BlackFideId "1119290"]
[WhiteElo "2310"]
[BlackElo "2526"]
[Result "0-1"]
[Round "10"]
[TimeControl "180+1"]
[Date "2021.12.07"]
[WhiteClock "0:00:01"]
[BlackClock "0:00:06"]

1. c4 d6 2. Nc3 e5 3. Nf3 g6 4. g3 Bg7 5. Bg2 f5 6. O-O Nf6 7. d3 a5 8. a3 O-O 9. Rb1 c6 10. b4 axb4 11. axb4 h6 12. b5 Be6 13. bxc6 bxc6 14. Rb7 Nbd7 15. Bd2 Nc5 16. Rb1 Qc7 17. Be3 Ncd7 18. Qc2 g5 19. Rfc1 Rfb8 20. Rxb8+ Rxb8 21. Rb1 Rxb1+ 22. Qxb1 d5 23. cxd5 cxd5 24. Nb5 Qb8 25. Na3 Qxb1+ 26. Nxb1 d4 27. Bc1 Kf7 28. Ba3 Nd5 29. h4 g4 30. Nfd2 N7b6 31. Kf1 Nc3 32. Bb4 Nbd5 33. Bc5 Bf8 34. Bxf8 Kxf8 35. Na3 Ke7 36. Nac4 Kf6 37. Nd6 Nb4 38. N6c4 Nc2 39. Nd6 h5 40. N6c4 Bf7 41. Nd6 Na3 42. Nxf7 Kxf7 43. Bb7 Kf6 44. Ba6 Nc2 45. Nc4 Nb4 46. Bb7 e4 47. Nb2 exd3 48. Nxd3 Nxd3 49. exd3 f4 50. Bc6 fxg3 51. fxg3 Kg6 52. Be8+ Kh6 53. Kf2 Nd5 54. Bc6 Nb4 55. Bb5 Na2 56. Bc4 Nc3 57. Kf1 Kg6 58. Kf2 Kf6 59. Kf1 Nd1 60. Bb5 Ne3+ 61. Kf2 Nf5 62. Be8 Ng7 63. Bd7 Ke5 64. Bb5 Kd6 65. Bc4 Kc5 66. Bf7 Kb4 67. Ke2 Kc3 68. Bg6 Kc2 69. Bf7 Nf5 70. Kf2 Ng7 71. Ke2 Kc3 72. Bg6 Kb4 73. Kd2 Kc5 74. Ke2 Kd6 75. Kf2 Ke5 76. Ke2 Kf6 77. Be4 Ne6 78. Bc6 Nc5 79. Bb5 Kg6 80. Be8+ Kh6 81. Bb5 Ne6 82. Bd7 Nd8 83. Kd2 Nf7 84. Ke2 Nd6 85. Be6 Kg6 86. Bd5 Kf6 87. Kd2 Nf5 88. Bc6 Nxg3 89. Be8 Kg7 90. Ke1 Kh6 91. Bd7 Kg6 92. Be8+ Kf6 93. Kf2 Nf5 94. Bxh5 g3+ 95. Kg2 Ke5 96. Bg4 Nxh4+ 97. Kxg3 Ng6 98. Bh5 Nf4 99. Bf3 Nxd3 100. Be2 Ke4 101. Bf1 Ke3 0-1


[Site "https://www.chess.com"]

[Event "Titled Tuesday Blitz December 7 2021"]
[White "Najdin, Danil"]
[Black "Maksimenko, Viktor"]
[WhiteFideId "4172426"]
[BlackFideId "13710478"]
[WhiteElo "2240"]
[BlackElo "2269"]
[Result "0-1"]
[Round "10"]
[TimeControl "180+1"]
[Date "2021.12.07"]
[WhiteClock "0:00:01"]
[BlackClock "0:00:09"]

1. e4 c6 2. d4 d5 3. exd5 cxd5 4. c4 Nf6 5. Nc3 Nc6 6. Nf3 e6 7. c5 Ne4 8. Bd3 f5 9. O-O Be7 10. Ne2 O-O 11. a3 a5 12. Bb5 Bf6 13. Bf4 g5 14. Be5 Nxe5 15. Nxe5 Nxc5 16. dxc5 Bxe5 17. f4 gxf4 18. Nxf4 Bxb2 19. Ra2 Bg7 20. Re2 Qc7 21. Qc2 Bd4+ 22. Kh1 e5 23. Nxd5 Qxc5 24. Qxc5 Bxc5 25. Rxe5 Bd6 26. Re3 f4 27. Ne7+ Kg7 28. Nxc8 Raxc8 29. Rd3 Rcd8 30. a4 Bc7 31. Rfd1 Kf6 32. Rxd8 Bxd8 33. Rd7 Be7 34. Rxb7 Rc8 35. Kg1 Rc1+ 36. Kf2 Bc5+ 37. Kf3 Ke5 38. Rxh7 Rc3+ 39. Kg4 Rc2 40. Rh5+ Ke4 41. Bc6+ Ke3 42. Re5+ Kd4 43. Rd5+ Kc4 44. Rf5 Be3 45. Bf3 Kb4 46. Bc6 Rxc6 47. h4 Rg6+ 48. Kh3 Kxa4 49. h5 Rh6 50. Kh4 Kb4 51. Kg5 Rh8 52. Kg6 a4 53. h6 f3 54. Rxf3 Bxh6 55. g4 Bd2 56. g5 a3 57. Rf2 Bc3 58. Kf7 Kb3 0-1


[Site "https://www.chess.com"]

[Event "Titled Tuesday Blitz December 7 2021"]
[White "Nakamura, Hikaru"]
[Black "Kamsky, Gata"]
[WhiteFideId "2016192"]
[BlackFideId "2000024"]
[WhiteElo "2884"]
[BlackElo "2645"]
[Result "1-0"]
[Round "10"]
[TimeControl "180+1"]
[Date "2021.12.07"]
[WhiteClock "0:00:20"]
[BlackClock "0:00:10"]

1. Nf3 Nf6 2. b3 g6 3. Bb2 Bg7 4. d4 O-O 5. e3 d5 6. c4 c6 7. Bd3 Bg4 8. Nbd2 e6 9. h3 Bxf3 10. Nxf3 Qa5+ 11. Ke2 Nbd7 12. Qc2 Rfe8 13. Rhd1 Qc7 14. Rac1 a5 15. a3 Bf8 16. c5 b5 17. b4 axb4 18. axb4 Ra4 19. Bc3 Rea8 20. Kf1 Ra2 21. Qb1 R2a3 22. Kg1 Bg7 23. Qc2 Ne8 24. e4 dxe4 25. Bxe4 Nef6 26. Bd3 Ra2 27. Qb1 Bh6 28. Rc2 Rxc2 29. Bxc2 Nd5 30. Be1 Qa7 31. Bb3 Qa3 32. Nh2 Bg7 33. Ng4 h5 34. Ne3 N7f6 35. Nc2 Qa7 36. h4 Qc7 37. g3 Ne4 38. Rd3 Nef6 39. Qd1 Bh6 40. Qe2 Kg7 41. Rf3 Re8 42. Qd1 Ra8 43. Kg2 Kg8 44. Na1 Bg7 45. Bc2 Ra2 46. Nb3 Ra8 47. Na5 Rd8 48. Qe2 Ne7 49. Bd2 Nfd5 50. Bg5 Rf8 51. Qd2 Nf5 52. Bxf5 exf5 53. Bf4 Qd7 54. Be5 f6 55. Bd6 Re8 56. Ra3 Kh7 57. Nb3 f4 58. Bxf4 Qf5 59. Nc1 Qe4+ 60. Kh2 Nxf4 61. Qxf4 Qxf4 62. gxf4 Re4 63. Nb3 Rxf4 64. Kg2 Rxh4 65. Ra6 f5 66. Rxc6 Bxd4 67. Rc7+ Kh6 68. c6 Be5 69. Re7 Rxb4 70. Rxe5 Rxb3 71. Rc5 1-0


[Site "https://www.chess.com"]

[Event "Titled Tuesday Blitz December 7 2021"]
[White "Navalgund, Niranjan"]
[Black "Artemenko, Oleg"]
[WhiteFideId "5030854"]
[BlackFideId "14201798"]
[WhiteElo "2290"]
[BlackElo "2287"]
[Result "1-0"]
[Round "10"]
[TimeControl "180+1"]
[Date "2021.12.07"]
[WhiteClock "0:00:13"]
[BlackClock "0:00:15"]

1. d4 Nf6 2. Nf3 e6 3. Bg5 c5 4. c3 Nc6 5. Nbd2 Qa5 6. Bxf6 gxf6 7. dxc5 Qxc5 8. Ne4 Qe7 9. e3 d5 10. Ng3 h5 11. h4 Qc5 12. Nd4 e5 13. Nxc6 bxc6 14. Nxh5 Be7 15. Qf3 Qd6 16. Ng7+ Kd8 17. Nf5 Bxf5 18. Qxf5 Rb8 19. Qc2 f5 20. O-O-O e4 21. g3 Kc7 22. Bh3 Qf6 23. Qa4 Rb7 24. Rd2 Rhb8 25. Rhd1 Rb6 26. Rc2 R8b7 27. h5 Bd6 28. h6 Qxh6 29. Bxf5 Qf6 30. g4 Qe5 31. Qd4 Rb8 32. Qxe5 Bxe5 33. Rh1 Kd6 34. Rh7 R6b7 35. Rd2 Ke7 36. Rc2 Kd6 37. Rh6+ f6 38. b3 c5 39. Kd1 a5 40. c4 dxc4 41. Rxc4 Rb4 42. Rxe4 Rxe4 43. Bxe4 Rb4 44. f3 a4 45. Kc2 c4 46. bxc4 Rxc4+ 47. Kd3 Rc3+ 48. Kd2 Ra3 49. Bb1 Bc3+ 50. Ke2 Ke7 51. Rh7+ Ke6 52. f4 Bb2 53. Rb7 Bc1 54. f5+ Kd6 55. Rb6+ Kc7 56. Re6 Bb2 57. Kd2 Kd7 58. Kc2 Be5 59. Rxe5 fxe5 60. Kd2 Ke7 61. g5 Kf7 62. f6 Ke6 63. Ke2 e4 64. Bxe4 Rxa2+ 65. Kd3 a3 66. Bh7 Rf2 67. Bg8+ Ke5 68. Bb3 Rf5 69. f7 Kd6 70. g6 Ke7 71. g7 Rxf7 72. g8=Q Rf5 73. Qe6+ Kd8 74. Qxf5 a2 75. Bxa2 Kc7 76. Qe6 Kb8 77. Qd7 Ka8 78. Bd5+ Kb8 79. Qb7# 1-0


[Site "https://www.chess.com"]

[Event "Titled Tuesday Blitz December 7 2021"]
[White "Nenezic, Marko"]
[Black "Nazari, Arad"]
[WhiteFideId "912123"]
[BlackFideId "12577324"]
[WhiteElo "2484"]
[BlackElo "2119"]
[Result "0-1"]
[Round "10"]
[TimeControl "180+1"]
[Date "2021.12.07"]
[WhiteClock "0:00:43"]
[BlackClock "0:01:32"]

1. d4 Nf6 2. c4 g6 3. Nf3 Bg7 4. Nc3 d5 5. cxd5 Nxd5 6. e4 Nxc3 7. bxc3 O-O 8. Be3 c5 9. Qd2 Nc6 10. d5 Ne5 11. Nxe5 Bxe5 12. f4 Bg7 13. Rb1 b6 14. c4 Bb7 15. Be2 e6 16. Bf3 Qd7 17. O-O Rad8 18. Rbd1 f5 19. e5 Qa4 20. Qc2 Qxc2 0-1


[Site "https://www.chess.com"]